 Dungeon Crawl Stone Soup version 0.27.1-4-g1640c2035a (webtiles) character file.

Game seed: 6353620033696392186

216418 Elvor the Eclecticist (level 18, -1/211 HPs)
             Began as a Pale Draconian Conjurer on Nov 8, 2021.
             Was the Champion of the Shining One.
             Slain by a merfolk impaler (16 damage)
             ... on level 2 of the Shoals on Nov 10, 2021.
             The game lasted 07:56:37 (34457 turns).

Elvor the Eclecticist (Pale Draconian Conjurer)    Turns: 34457, Time: 07:56:38

Health: -1/211     AC: 27    Str: 19    XL:     18   Next: 35%
Magic:  8/37       EV: 15    Int: 26    God:    the Shining One [******]
Gold:   2766       SH:  5    Dex: 11    Spells: 5/48 levels left

rFire    . . .     SeeInvis +   c - +8 long sword of Ointment {protect, rPois rN++}
rCold    + . .     Faith    .   B - +0 buckler
rNeg     + + +     Spirit   .   (armour unavailable)
rPois    ∞         Reflect  .   Q - +0 hat {SInv}
rElec    +         Harm     .   z - +0 cloak of Weirdness {rC+ Regen+}
rCorr    .         Rampage  .   (gloves currently unavailable)
Will     +....                  (boots currently unavailable)
Stlth    +.........             V - amulet of regeneration
HPRegen  2.45/turn              x - ring of Vesefo {rPois Int+2}
MPRegen  0.25/turn              l - +6 ring of strength

@: statue-form, glowing, very slow
A: slow and powerful, torment resistance 1, boosted hp, (breathe steam), AC +10,
unfitting armour, cold-blooded, steam resistance, poison resistance, strong 1
}: 1/15 runes: gossamer
a: End Transformation, Renounce Religion, Divine Shield, Cleansing Flame, Summon
Divine Warrior, Brand Weapon With Holy Wrath


You were on level 2 of the Shoals.
You worshipped the Shining One.
The Shining One was exalted by your worship.
You were a living statue of rough stone.
You visited 6 branches of the dungeon, and saw 30 of its levels.

You collected 4006 gold pieces.
You spent 1240 gold pieces at shops.

Inventory:

Hand Weapons
 c - the +8 long sword of Ointment (weapon) {protect, rPois rN++}
   (You took it off an orc priest on level 12 of the Dungeon)

   It grants its wielder temporary protection when it strikes (+7 to AC).
   rPois:     It protects you from poison.
   rN:        It greatly protects you from negative energy.
Missiles
 i - 636 stones
 m - 79 poisoned darts
 q - a throwing net
 v - 5 curare-tipped darts
 G - 59 sling bullets
Armour
 b - a +0 pair of boots (melded)
 o - a +1 pair of gloves of stealth (melded)
 z - the +0 cloak of Weirdness (worn) {rC+ Regen+}
   (You found it on level 1 of the Shoals)

   rC:        It protects you from cold.
   Regen:     It increases your rate of health regeneration.
 B - a +0 buckler (worn)
 Q - a +0 hat of see invisible (worn)
 X - a scarf of repulsion
Jewellery
 l - a +6 ring of strength (right fist)
 x - the ring of Vesefo (left fist) {rPois Int+2}
   (You found it on level 4 of the Spider Nest)

   [ring of poison resistance]

   Int:       It affects your intelligence (+2).
   rPois:     It protects you from poison.
 I - a ring of wizardry
 V - an amulet of regeneration (around neck)
Wands
 k - a wand of flame (17)
 s - a wand of digging (7)
 u - a wand of paralysis (4)
 K - a wand of polymorph (7)
 O - a wand of iceblast (7) (quivered)
 S - a wand of mindburst (6)
Scrolls
 g - 11 scrolls of teleportation
 r - 3 scrolls of vulnerability
 D - a scroll of fear {unknown}
 E - 4 scrolls of silence
 F - a scroll of amnesia
 T - a scroll of immolation
 W - a scroll of noise {unknown}
 Y - 2 scrolls of magic mapping
Potions
 a - 10 potions of curing
 d - 2 potions of flight
 f - 5 potions of might
 h - 6 potions of haste
 j - 7 potions of lignification
 p - 4 potions of cancellation
 w - 9 potions of resistance
 A - a potion of magic {unknown}
 C - 4 potions of brilliance
 M - 5 potions of ambrosia
 P - 3 potions of berserk rage
Miscellaneous
 e - a phantom mirror (inert)
 H - a lightning rod (2/4)


   Skills:
 * Level 15.5 Fighting
 + Level 2.2(5.4) Short Blades
 + Level 7.9(8.1) Long Blades
 + Level 8.2 Throwing
 + Level 8.5 Dodging
 + Level 4.3 Stealth
 + Level 7.0 Shields
 + Level 15.7 Spellcasting
 + Level 9.7 Conjurations
 + Level 5.1 Translocations
 + Level 2.5 Transmutations
 + Level 0.2 Fire Magic
 + Level 4.9 Air Magic
 + Level 13.2 Earth Magic
 + Level 3.7 Poison Magic
 + Level 0.1 Invocations
 + Level 7.9 Evocations


You had 5 spell levels left.
You knew the following spells:

 Your Spells              Type           Power      Damage    Failure   Level
a - Magic Dart            Conj           100%       1d8       1%          1
b - Searing Ray           Conj           100%       3d7       1%          2
c - Iskenderun's Mystic   Conj/Tloc      56%        2d12      1%          4
d - Sandblast             Erth           100%       2d20      0%          1
e - Passwall              Tmut/Erth      47%        N/A       1%          2
f - Lee's Rapid Deconstr  Erth           36%        3d19*     1%          5
g - Lightning Bolt        Conj/Air       28%        1d44      3%          5
h - Poisonous Vapours     Pois/Air       84%        N/A       1%          2
i - Blink                 Tloc           N/A        N/A       1%          2
j - Apportation           Tloc           94%        N/A       1%          1
k - Fireball              Conj/Fire      23%        3d11      9%          5
l - Petrify               Tmut/Erth      57%        N/A       1%          4
m - Statue Form           Tmut/Erth      38%        N/A       16%         6
n - Stone Arrow           Conj/Erth      100%       3d13      1%          3

Your spell library contained the following spells:

 Spells                   Type           Power      Damage    Failure   Level
 Foxfire                  Conj/Fire      100%       2x1d9     1%          1
 Sting                    Tmut/Pois      100%       1d8       1%          1
 Static Discharge         Conj/Air       56%        N/A       1%          2
 Conjure Flame            Conj/Fire      46%        6-21      1%          3
 Dazzling Flash           Conj/Hex       90%        N/A       1%          3
 Teleport Other           Tloc           47%        N/A       1%          3
 Leda's Liquefaction      Hex/Erth       26%        N/A       1%          4
 Portal Projectile        Hex/Tloc       66%        N/A       2%          3
 Airstrike                Air            23%        N/A       3%          4
 Fulminant Prism          Conj/Hex       22%        3d13      3%          4
 Olgreb's Toxic Radiance  Pois           39%        N/A       5%          4
 Call Canine Familiar     Summ           20%        N/A       8%          3
 Inner Flame              Hex/Fire       21%        N/A       8%          3
 Ozocubu's Armour         Ice            20%        N/A       8%          3
 Manifold Assault         Tloc           47%        N/A       9%          5
 Summon Lightning Spire   Summ/Air       33%        N/A       10%         4
 Alistair's Intoxication  Tmut/Pois      24%        N/A       21%         5
 Silence                  Hex/Air        16%        N/A       26%         5
 Agony                    Necr           20%        N/A       56%         5
 Metabolic Englaciation   Hex/Ice        10%        N/A       56%         5
 Starburst                Conj/Fire      23%        6d8       45%         6
 Invisibility             Hex            10%        N/A       98%         6
 Storm Form               Tmut/Air       19%        N/A       99%         7
 Malign Gateway           Summ/Tloc      16%        N/A       100%        7
 Ozocubu's Refrigeration  Ice            10%        4d7       100%        7
 Disjunction              Tloc           23%        N/A       100%        8
 Maxwell's Capacitive Co  Air            23%        ∞         100%        8


Dungeon Overview and Level Annotations

Branches:
Dungeon (15/15)            Temple (1/1) D:7            Lair (6/6) D:9
 Shoals (2/4) Lair:3       Spider (4/4) Lair:4        Slime (0/5) Lair:5
    Orc (2/2) D:11            Elf (0/3) Orc:2        Vaults (0/5) D:14
 Depths (0/5) D:15

Altars:
Ashenzari
Cheibriados
Dithmenos
Elyvilon
Fedhas
Gozag
Hepliaklqana
Kikubaaqudgha
Makhleb
Nemelex Xobeh
Okawaru
Qazlal
Ru
Sif Muna
Trog
Uskayaw
Vehumet
Wu Jian
Xom
Yredelemnul
Zin
The Shining One
Beogh

Shops:
Orc:2 :(:[


Innate Abilities, Weirdness & Mutations

You are a living statue of rough stone.
Your actions are slow, but your melee attacks are powerful.
You are resistant to unholy torment.
Your maximum health is greatly increased.
Your equipment is partially melded.
((You can breathe blasts of scalding, opaque steam.))
((Your pale cyan-grey scales are hard. (AC +10)))
You cannot fit into any form of body armour.
You are cold-blooded and may be slowed by cold attacks.
You are immune to the effects of steam.
Your system is resistant to poisons. (rPois)
Your muscles are strong. (Str +2)


Message History

Aiming: Iceblast
Press: ? - help, Q - select action, (/) - cycle Shift-Dir - straight line, f - merfolk
Aim: a merfolk, wielding a +0 trident (black smoke, lightly wounded, haloed)
The mass of ice explodes!
The iceblast engulfs the merfolk!
The merfolk is moderately wounded.
The iceblast engulfs the merfolk!
The merfolk is almost dead.
The iceblast engulfs the merfolk!
The merfolk is heavily wounded.
The iceblast engulfs the merfolk!!
The merfolk is severely wounded.
The iceblast engulfs the merfolk!!
The merfolk is almost dead.
You hear a shout!
You block the merfolk's attack.
The merfolk impaler hits you from afar with a +1 vorpal trident.
* * * LOW HITPOINT WARNING * * *
x2 The merfolk misses you.
The merfolk throws a boomerang.
The boomerang hits you but does no damage.
The merfolk closely misses you.
The merfolk hits you from afar with a +0 trident.
* * * LOW HITPOINT WARNING * * *
The merfolk impaler hits you from afar with a +1 vorpal trident.
* * * LOW HITPOINT WARNING * * *
x2 The merfolk closely misses you.
The merfolk hits you but does no damage.
The merfolk hits you from afar with a +0 glaive.
* * * LOW HITPOINT WARNING * * *
The merfolk impaler barely misses you.
You feel better. The merfolk closely misses you.
The merfolk hits you from afar with a +0 trident.
* * * LOW HITPOINT WARNING * * *
The merfolk impaler barely misses you.
The merfolk hits you but does no damage.
The merfolk completely misses you.
The merfolk hits you from afar with a +0 glaive!
* * * LOW HITPOINT WARNING * * *
The merfolk hits you but does no damage.
The merfolk impaler hits you from afar with a +1 vorpal trident!
You die...

.. ≈≈≈≈≈≈≈≈≈≈≈≈..[.. .
≈≈≈(.≈≈≈≈≈≈≈≈≈...≈
.../≈..≈≈≈≈≈Y≈≈≈≈≈≈≈≈≈≈≈≈
.......≈≈≈≈≈≈≈≈≈≈≈≈≈≈≈≈.≈
#......≈≈≈≈m≈≈≈≈≈≈≈≈≈≈≈..≈
##....≈≈≈≈≈≈≈≈§§§≈≈≈m≈≈≈≈≈≈
#≈....≈§.≈≈≈≈≈mm§§m≈≈≈≈≈≈≈≈
≈.....≈...≈^≈m§§§§≈≈≈≈≈≈≈≈
.≈...........mm§8§m≈≈≈≈≈≈≈≈
≈≈.#.≈)..≈..?#####§≈≈≈≈≈≈≈≈
.≈...≈)..≈m### ##≈≈≈≈≈≈≈≈
.≈.....≈...# ##.≈≈≈≈≈≈≈
#≈...≈).≈..## #.≈≈≈≈≈≈≈≈
##.≈.≈)≈....## #.≈≈≈≈≈≈≈≈≈
#...≈≈≈≈....## ##.≈≈≈≈≈≈≈≈
#...≈≈...≈.....# ##.≈≈≈≈≈≈≈
#≈≈.≈≈≈....≈.m.####.≈≈≈≈≈≈≈


You could see a merfolk impaler and 5 merfolk.

Vanquished Creatures
  Nikola (Spider:1)
  Kirke (D:12)
  A storm dragon (D:15)
  2 tengu reavers (D:13)
  The ghost of stburah the Severer, an adept FoFi of the Shining One (Spider:4)
  Roxanne (Spider:3)
  Gastronok (Lair:2)
  A shadow dragon (D:15)
  A frost giant (D:13)
  3 ghost moths
  A fire giant (D:15)
  An orc warlord (D:11)
  4 emperor scorpions
  An ettin (D:15)
  A spark wasp (Spider:4)
  Snorg (D:11)
  A merfolk impaler (Shoals:2)
  2 fire dragons
  Erolcha (D:12)
  An ice dragon (D:13)
  6 boulder beetles
  14 hydras
  4 catoblepae
  9 centaur warriors
  5 ogre magi
  A satyr (Shoals:1)
  A merfolk avatar (Lair:6)
  6 two-headed ogres
  A dancing weapon (Spider:4)
  3 tengu warriors
  8 death scarabs (Spider:4)
  3 orc high priests (Orc:2)
  Sonja (D:13)
  2 spectral emperor scorpions (Spider:4)
  A deep troll (shapeshifter) (D:15)
  6 skeletal warriors
  A deep troll (D:15)
  4 sea snakes
  2 wizards
  A flayed ghost (D:15)
  5 harpies
  A lindwurm (Lair:4)
  2 phantasmal warriors (D:15)
  2 spectral wolf spiders (Spider:4)
  4 wyverns
  15 orb spiders
  7 deep elf pyromancers
  An oklob plant (Lair:5)
  6 orc sorcerers
  12 orc knights
  19 ugly things
  8 elephants
  29 wolf spiders
  13 manticores
  A black mamba (shapeshifter) (D:15)
  13 cyclopes
  8 fauns
  Joseph (Lair:1)
  2 moths of wrath (Spider:4)
  3 centaur zombies
  5 black mambas
  4 merfolk sirens (Shoals:1)
  2 water nymphs (Shoals:1)
  6 cane toads
  Psyche (D:12)
  A guardian serpent (shapeshifter) (D:15)
  Maggie (D:7)
  3 gargoyles
  4 centaur skeletons (D:14)
  7 komodo dragons
  2 torpor snails
  2 unseen horrors
  11 demonic crawlers
  2 redback zombies (Spider:4)
  2 kobold demonologists
  5 rime drakes
  2 spectral redbacks (Spider:4)
  5 yaktaurs
  2 tengu conjurers (D:15)
  3 efreet
  3 freezing wraiths (D:15)
  A jumping spider (shapeshifter) (D:14)
  9 trolls
  5 merfolk
  5 meliai
  3 polar bears
  A polar bear (shapeshifter) (D:12)
  A wolf spider simulacrum (D:15)
  4 spectral tarantellas (Spider:4)
  4 hornets
  A jumping spider zombie (Spider:4)
  6 spectral jumping spiders (Spider:4)
  17 slime creatures
  24 jumping spiders
  14 blink frogs
  7 dream sheep
  A tarantella zombie (Spider:4)
  3 snapping turtles
  Sigmund (D:3)
  65 redbacks
  27 tarantellas
  48 yaks
  3 water elementals
  2 wraiths
  2 shadows (D:12)
  2 hogs (D:12)
  A vampire (D:11)
  5 basilisks
  A human (D:12)
  2 steam dragons
  9 vampire mosquitoes
  7 wargs
  Menkaure (D:7)
  5 acid dragons
  12 water moccasins
  A meliai simulacrum (D:15)
  31 orc warriors
  7 black bears
  2 sky beasts
  2 spectral hornets (Spider:4)
  3 ice beasts
  12 wolves
  12 ogres
  16 centaurs
  2 boggarts
  2 phantoms
  5 kobold brigands
  15 bullfrogs
  A gnoll sergeant (D:10)
  2 scorpions
  A water moccasin zombie (D:6)
  5 killer bees (D:8)
  4 wights
  4 howler monkeys
  3 bullfrog zombies
  A lava snake (Lair:5)
  5 jellies
  15 orc priests
  4 hounds
  A bullfrog skeleton (D:5)
  Jessica (D:2)
  A scorpion zombie (D:5)
  3 iguanas
  22 orc wizards
  4 centaur simulacra
  2 howler monkey zombies
  8 adders
  4 gnolls
  A shadow imp (D:7)
  A white imp (D:6)
  An ufetubus (D:4)
  An adder skeleton (D:3)
  4 worms (D:2)
  3 dart slugs
  60 orcs
  7 endoplasms
  3 giant cockroaches
  11 goblins
  7 hobgoblins
  4 jackals
  6 quokkas
  15 ball pythons
  5 bats
  8 frilled lizards
  19 kobolds
  2 rats (D:1)
989 creatures vanquished.

Vanquished Creatures (collateral kills)
  A storm dragon (D:13)
  An emperor scorpion (Spider:4)
  A fire dragon (D:15)
  A hydra (Lair:2)
  A centaur warrior (D:15)
  A skeletal warrior (D:9)
  A deep elf pyromancer (D:7)
  An ugly thing (D:13)
  The ghost of drbro the Shield-Bearer, a novice FoFi (D:5)
  A gargoyle (D:11)
  An efreet (D:9)
  A yak (D:5)
  A hound (D:5)
  A centaur skeleton (D:5)
14 creatures vanquished.

Vanquished Creatures (others)
  A two-headed ogre (D:7)
  A wolf spider (Spider:1)
  An elephant (Lair:5)
  A demonic crawler (Spider:1)
  A komodo dragon (Lair:5)
  A jumping spider (Spider:1)
  A redback (Spider:4)
  A tarantella (Spider:1)
  A human (D:12)
  An orc wizard (D:7)
  A bush (Lair:5)
  38 fungi
  83 plants
132 creatures vanquished.

Grand Total: 1135 creatures vanquished

Notes
Turn   | Place    | Note
-------+----------+-------------------------------------------
     0 | D:1      | Elvor the Draconian Conjurer began the quest for the Orb.
     0 | D:1      | Reached XP level 1. HP: 14/14 MP: 3/3
   188 | D:1      | Reached XP level 2. HP: 12/20 MP: 3/5
   191 | D:1      | Learned a level 2 spell: Searing Ray
   539 | D:1      | Reached XP level 3. HP: 27/27 MP: 3/6
   946 | D:2      | Reached skill level 1 in Fighting
  1021 | D:2      | Reached XP level 4. HP: 32/35 MP: 2/7
  1093 | D:2      | Noticed Jessica
  1095 | D:2      | Killed Jessica
  1096 | D:2      | Reached skill level 1 in Short Blades
  1412 | D:2      | Reached skill level 5 in Conjurations
  1725 | D:3      | Noticed a scorpion
  1802 | D:3      | Reached XP level 5. HP: 40/40 MP: 3/9
  1869 | D:3      | Reached skill level 1 in Throwing
  1997 | D:3      | Found a glowing golden altar of the Shining One.
  2004 | D:3      | Became a worshipper of the Shining One
  2077 | D:3      | Found a sacrificial altar of Ru.
  2152 | D:3      | Noticed Sigmund
  2162 | D:3      | Killed Sigmund
  2163 | D:3      | Reached XP level 6. HP: 38/50 MP: 0/11
  2200 | D:3      | Found a white marble altar of Elyvilon.
  2256 | D:3      | Gained mutation: Your system is resistant to poisons.
                  | (rPois) [potion of mutation]
  2256 | D:3      | Gained mutation: Your muscles are strong. (Str +2) [potion
                  | of mutation]
  2256 | D:3      | HP: 2/50 [poisoned by an orc (curare-tipped dart)]
  2256 | D:3      | The Shining One protects you from harm!
  2584 | D:4      | Your scales start taking on a pale cyan-grey colour.
  2584 | D:4      | Reached XP level 7. HP: 57/57 MP: 1/12
  2584 | D:4      | Gained mutation: You are immune to the effects of steam.
                  | [Pale Draconian growth]
  3236 | D:4      | Identified 2 scrolls of acquirement
  3238 | D:5      | Entered Level 5 of the Dungeon
  3284 | D:5      | Learned a level 4 spell: Iskenderun's Mystic Blast
  3327 | D:5      | Reached XP level 8. HP: 66/66 MP: 5/14
  3409 | D:5      | Found an opulent altar of Gozag.
  3410 | D:5      | Found a runed translucent gate.
  3410 | D:5      | Found a runed translucent gate.
  3410 | D:5      | Found a runed translucent gate.
  3410 | D:5      | Noticed drbro's ghost (novice FoFi)
  3837 | D:5      | Reached skill level 5 in Spellcasting
  3935 | D:5      | Found a hazy altar of Hepliaklqana.
  3942 | D:5      | Reached * piety under the Shining One
  4207 | D:6      | Found a burning altar of Makhleb.
  4414 | D:6      | Reached skill level 5 in Fighting
  4616 | D:7      | Reached skill level 1 in Shields
  4675 | D:7      | Noticed Menkaure
  4766 | D:7      | Killed Menkaure
  4767 | D:7      | Reached XP level 9. HP: 38/74 MP: 9/17
  4801 | D:7      | Found a staircase to the Ecumenical Temple.
  4837 | Temple   | Entered the Ecumenical Temple
  5182 | D:7      | Found a stormy altar of Qazlal.
  5277 | D:7      | Reached skill level 1 in Translocations
  5277 | D:7      | Noticed Maggie
  5303 | D:7      | Killed Maggie
  5398 | D:7      | Noticed a troll
  5403 | D:7      | Killed a troll
  5425 | D:7      | Reached skill level 1 in Evocations
  5670 | D:7      | Noticed a boulder beetle
  5705 | D:7      | Noticed a gargoyle
  5752 | D:7      | Reached ** piety under the Shining One
  5754 | D:7      | Killed a gargoyle
  5838 | D:7      | Learned a level 1 spell: Sandblast
  5841 | D:7      | Learned a level 2 spell: Passwall
  5847 | D:7      | Learned a level 5 spell: Lee's Rapid Deconstruction
  5853 | D:7      | Learned a level 5 spell: Lightning Bolt
  5890 | D:7      | Found an ornate altar of the Wu Jian Council.
  5996 | D:7      | Noticed a two-headed ogre
  5998 | D:7      | Noticed a deep elf pyromancer
  6010 | D:7      | Killed a deep elf pyromancer
  6011 | D:7      | Reached XP level 10. HP: 84/84 MP: 19/19
  6026 | D:7      | Killed a boulder beetle
  6209 | D:5      | Killed drbro's ghost
  6258 | D:5      | Killed a wyvern
  6378 | D:8      | Noticed a +0 short sword
  6378 | D:8      | Noticed a +0 dagger
  6378 | D:8      | Noticed a +0 spear
  6378 | D:8      | Noticed a +0 short sword
  6383 | D:8      | Noticed a +0 dagger
  6383 | D:8      | Noticed a +0 falchion
  6383 | D:8      | Noticed a +0 spear
  6383 | D:8      | Noticed a +0 falchion
  6386 | D:8      | Found a hide-covered altar of Uskayaw.
  6442 | D:8      | Reached skill level 5 in Throwing
  6498 | D:8      | Reached skill level 5 in Shields
  6504 | D:8      | Reached skill level 1 in Earth Magic
  6576 | D:8      | Reached skill level 5 in Evocations
  6905 | D:8      | Reached *** piety under the Shining One
  7116 | D:9      | Reached XP level 11. HP: 58/93 MP: 7/21
  7229 | D:9      | Found a glowing silver altar of Zin.
  7239 | D:9      | Found a radiant altar of Vehumet.
  7388 | D:9      | Found an iron altar of Okawaru.
  7389 | D:9      | Noticed a skeletal warrior
  7406 | D:9      | Killed a skeletal warrior
  7419 | D:9      | Noticed a skeletal warrior
  7419 | D:9      | Noticed a skeletal warrior
  7553 | D:7      | Acquired 870 gold pieces
  7555 | D:7      | Acquired a Young Poisoner's Handbook
  7560 | D:7      | Learned a level 2 spell: Poisonous Vapours
  7985 | D:9      | Found a staircase to the Lair.
  8679 | D:10     | Entered Level 10 of the Dungeon
  8943 | D:10     | Found a broken altar of Ashenzari.
  9159 | D:10     | Identified the +10 hunting sling of Kaiha {freeze, Dex+2}
  9252 | D:10     | Noticed an orc knight
  9252 | D:10     | Noticed a two-headed ogre
  9252 | D:10     | Noticed a deep elf pyromancer
  9252 | D:10     | Noticed a boulder beetle
  9255 | D:10     | Killed a deep elf pyromancer
  9656 | Lair:1   | Entered Level 1 of the Lair of Beasts
  9960 | Lair:1   | Noticed Joseph
  9973 | Lair:1   | Killed Joseph
 10052 | Lair:1   | Reached **** piety under the Shining One
 10269 | Lair:1   | Found an opulent altar of Gozag.
 10474 | Lair:2   | Noticed a five-headed hydra
 10487 | Lair:2   | Killed a five-headed hydra
 10534 | Lair:2   | Noticed Gastronok
 10565 | Lair:2   | Killed Gastronok
 10566 | Lair:2   | Reached skill level 5 in Dodging
 10566 | Lair:2   | Reached XP level 12. HP: 78/104 MP: 10/24
 10818 | Lair:2   | Noticed a six-headed hydra
 10826 | Lair:2   | Killed a six-headed hydra
 11383 | Lair:3   | Found a staircase to the Shoals.
 11676 | Lair:3   | Noticed a catoblepas
 11698 | Lair:3   | Killed a catoblepas
 11851 | Lair:4   | Reached skill level 5 in Earth Magic
 12000 | Lair:4   | Reached skill level 10 in Fighting
 12243 | Lair:4   | Reached skill level 1 in Long Blades
 12362 | Lair:4   | Found a hole to the Spider Nest.
 12393 | Lair:4   | Reached skill level 1 in Air Magic
 12612 | Lair:4   | Reached skill level 10 in Spellcasting
 12789 | Lair:4   | Reached XP level 13. HP: 81/113 MP: 0/27
 13036 | Lair:5   | Found a staircase to the Slime Pits.
 13174 | Lair:5   | Reached skill level 1 in Poison Magic
 13854 | Lair:6   | Entered Level 6 of the Lair of Beasts
 13981 | Lair:6   | Reached ***** piety under the Shining One
 15501 | D:9      | Reached XP level 14. HP: 117/124 MP: 9/29
 17011 | D:10     | Identified the +4 mace of the Wraith {drain, Drain rElec
                  | Will+ Dex+6}
 17225 | D:10     | Got the Tome of the Quantum Mountains
 17234 | D:10     | Learned a level 2 spell: Blink
 17890 | D:11     | Found a staircase to the Orcish Mines.
 17965 | D:11     | You fall into a shaft and drop 1 floor!
 17979 | D:12     | Noticed Erolcha
 17987 | D:12     | Killed Erolcha
 18607 | D:12     | Identified the +8 long sword of Ointment {protect, rPois
                  | rN++}
 18823 | D:12     | Noticed Kirke
 18825 | D:12     | Noticed Psyche
 18830 | D:12     | Killed Psyche
 18836 | D:12     | Killed Kirke
 19071 | Orc:1    | Entered Level 1 of the Orcish Mines
 19071 | Orc:1    | Noticed Snorg
 19077 | D:11     | Killed Snorg
 19490 | Orc:1    | Noticed an orc warlord
 19507 | D:11     | Killed an orc warlord
 19710 | Orc:1    | Found a bloodstained altar of Trog.
 19941 | Orc:2    | Entered Level 2 of the Orcish Mines
 20592 | Orc:2    | Reached XP level 15. HP: 134/134 MP: 1/31
 20697 | Orc:2    | Found a staircase to the Elven Halls.
 20769 | Orc:2    | Reached ****** piety under the Shining One
 20803 | Orc:2    | Reached skill level 10 in Earth Magic
 21025 | Orc:2    | Found Elel's Weapon Shoppe.
 21025 | Orc:2    | Found Tyohicerch's Book Shoppe.
 21027 | Orc:2    | Found Viam's Antique Armour Shop.
 21027 | Orc:2    | Found Ycidujo's Book Shop.
 21102 | Orc:2    | Bought a pair of runed gloves for 232 gold pieces
 21127 | Orc:2    | Bought a book of Party Tricks for 420 gold pieces
 21127 | Orc:2    | Bought the Papyrus of Dislocated Flames for 588 gold pieces
 21129 | Orc:2    | Learned a level 1 spell: Apportation
 21135 | Orc:2    | Learned a level 5 spell: Fireball
 21334 | D:13     | Noticed Sonja
 21417 | D:13     | Reached skill level 5 in Long Blades
 21809 | D:13     | Killed Sonja
 22211 | D:13     | Noticed a frost giant
 22393 | D:13     | Killed a frost giant
 22538 | D:13     | Noticed a storm dragon
 22557 | D:13     | Killed a storm dragon
 22697 | D:13     | Noticed a tengu reaver
 22712 | D:13     | Killed a tengu reaver
 22722 | D:13     | Noticed a tengu reaver
 22832 | D:13     | Killed a tengu reaver
 23267 | D:13     | Identified the +1 ring mail "Bitis" {rF+++ Will++ Regen+
                  | Str+3}
 24509 | D:14     | Found a gate to the Vaults.
 24705 | D:14     | Reached XP level 16. HP: 144/144 MP: 22/33
 24949 | D:15     | Entered Level 15 of the Dungeon
 25192 | D:15     | Found a sparkling altar of Nemelex Xobeh.
 25192 | D:15     | Found a basalt altar of Yredelemnul.
 25193 | D:15     | Found an iron altar of Okawaru.
 25421 | D:15     | Found a staircase to the Depths.
 26257 | D:15     | Noticed a storm dragon
 26281 | D:15     | Killed a storm dragon
 26690 | D:15     | Identified the +6 battleaxe of the Thing {pain, Will- rCorr
                  | Int+3}
 26804 | D:15     | Noticed a shadow dragon
 26822 | D:15     | Killed a shadow dragon
 27482 | Spider:1 | Entered Level 1 of the Spider Nest
 27556 | Spider:1 | Noticed Nikola
 27707 | Spider:1 | Reached XP level 17. HP: 70/154 MP: 4/35
 27896 | Spider:1 | Killed Nikola
 29059 | Spider:2 | Reached skill level 15 in Spellcasting
 29098 | Spider:2 | Learned a level 4 spell: Petrify
 29105 | Spider:2 | Learned a level 6 spell: Statue Form
 30232 | Spider:3 | Identified Roxanne's Collected Works on the Rocks
 30232 | Spider:3 | Noticed Roxanne
 30287 | Spider:3 | Killed Roxanne
 30300 | Spider:3 | Learned a level 3 spell: Stone Arrow
 30502 | Spider:4 | Entered Level 4 of the Spider Nest
 30870 | Spider:4 | Reached skill level 1 in Transmutations
 31374 | Spider:4 | Identified the +5 quarterstaff of Misery {chaos, Int+2}
 31375 | Spider:4 | Found a runed translucent door.
 31375 | Spider:4 | Found a shimmering altar of Xom.
 31375 | Spider:4 | Noticed stburah's ghost (adept FoFi)
 31476 | Spider:4 | Reached skill level 15 in Fighting
 32902 | Spider:4 | Reached XP level 18. HP: 163/163 MP: 26/37
 32914 | Spider:4 | Reached skill level 5 in Translocations
 32954 | Spider:4 | Got a gossamer rune of Zot
 33513 | Spider:4 | Killed stburah's ghost
 33521 | Spider:4 | Identified the ring of Vesefo {rPois Int+2}
 33639 | Shoals:1 | Entered Level 1 of the Shoals
 33935 | Shoals:1 | Identified the +0 cloak of Weirdness {rC+ Regen+}
 34457 | Shoals:2 | Slain by a merfolk impaler

Illustrated notes

Levels and vault maps discovered:
D:1:      lightli_iron_boxes, layout_rooms, corexii_corridor_pit,
          minmay_stone_trees_large, minmay_misc_feat_rows
D:2:      layout_loops_cross, grunt_decor_clamped,
          chequers_serial_rivers_micro_e, st_stairs_10, uniq_jessica
D:3:      layout_basic, nicolae_tso_swordbearing_angel,
          mainiacjoe_overflow_swirl, minmay_fractal_squares_gapless_5,
          uniq_sigmund
D:4:      layout_loops_ring, chequers_avenue
D:5:      layout_loops_corners, mainiacjoe_overflow_paths, ebering_ghost_gozag
D:6:      layout_rooms, lemuel_round_altar, corexii_corridor_pit,
          columned_hall_lemuel
D:7:      minmay_chambers_of_sevens, layout_rooms, mainiacjoe_overflow_alcove_2,
          old_standard_altar, minmay_temple_entry_waves, uniq_maggie,
          uniq_menkaure
D:8:      layout_loops_ring, nicolae_uskayaw_en_pointe
D:9:      layout_irregular_city, vehumet_altar_wand_db, okawaru_gym_becter,
          mainiacjoe_overflow_boulevard, lair_entry_dummy
D:10:     minmay_the_grid_octo_triangle [minmay_the_grid_octo_toaster,
          minmay_the_grid_octo_prize_square_snowflake,
          minmay_the_grid_octo_clover_2], layout_loops_cross,
          nicolae_ashenzari_skybound
D:11:     layout_basic, orc_0_dummy, gauntlet_entry_generic, serial_glass,
          glass_columns_b, glass_columns_b
D:12:     layout_loops_ring, uniq_erolcha, uniq_psyche, uniq_kirke
D:13:     minmay_octo_star, layout_loops_ring, kennysheep_generic_room_7,
          uniq_sonja
D:14:     layout_irregular_city, hangedman_vaults_entry_quadrant_bands,
          hex_medium
D:15:     hangedman_slaughterboxes
Temple:   dpeg_chambers_temple
Lair:1:   layout_regular_city, basic_altar, lemuel_fruit_fields,
          grunt_megastairs_2, uniq_joseph
Lair:2:   layout_cave_pods, beast_lair_carwin_7, grunt_megastairs_3,
          uniq_gastronok
Lair:3:   layout_cellular_growth, elwin_shoals_entry_rocks
Lair:4:   layout_loops_ring, nicolae_spider_entry_tight_spaces
Lair:5:   layout_gridlike, nicolae_slime_entry_slimehenge
Lair:6:   gammafunk_lair_ancient_temple, layout_regular_city,
          grunt_forest_small_clearing_treed, serial_bayou_shore_a,
          lemuel_fruit_tree
Shoals:1: layout_shoals
Shoals:2: layout_shoals, abandoned_shop, nicolae_shoals_wave_tunnel
Spider:1: layout_spider_delve, nicolae_spider_bug_shape, uniq_nikola
Spider:2: layout_spider_delve
Spider:3: layout_spider_delve, uniq_roxanne, uniq_aizul
Spider:4: floodkiller_spider_rune_tomb, ebering_ghost_xom, nicolae_orb_island
Orc:1:    layout_diamond_mine, basic_altar, uniq_snorg
Orc:2:    st_orc_elflike, layout_diamond_mine, mines2_david

Skill      XL: |  1  2  3  4  5  6  7  8  9 10 11 12 13 14 15 16 17 18 |
---------------+-------------------------------------------------------+-----
Fighting       | 1 2 3 4 5 6 7 9 10 11 12 13 14 15 | 15.5
Dodging        | 2 3 4 5 6 8 |  8.5
Short Blades   | 1 2 |  2.2
Stealth        | 2 3 4 |  4.3
Conjurations   | 5 6 7 8 9 |  9.7
Throwing       | 1 2 3 4 5 6 7 8 |  8.2
Spellcasting   | 3 4 5 6 7 8 10 11 12 13 14 15 | 15.7
Shields        | 1 3 5 6 7 |  7.0
Translocations | 1 3 4 5 |  5.1
Evocations     | 2 5 6 7 |  7.9
Earth Magic    | 1 4 6 7 9 11 12 13 | 13.2
Long Blades    | 1 4 5 6 7 |  7.9
Air Magic      | 1 3 4 |  4.9
Poison Magic   | 2 3 |  3.7
Transmutations | 1 2 |  2.5
Fire Magic     | |  0.2
Invocations    | |  0.1

Action                   |  1- 3 |  4- 6 |  7- 9 | 10-12 | 13-15 | 16-18 || total
-------------------------+-------+-------+-------+-------+-------+-------++-------
Melee: Unarmed           |     4 |       |       |       |       |       ||     4
       Dagger            |    20 |     7 |     6 |    13 |       |       ||    46
       Short sword       |    28 |     3 |       |       |       |       ||    31
       Tailslap          |     3 |       |     1 |     4 |    42 |    81 ||   131
       Falchion          |       |       |       |    14 |   144 |       ||   158
       Long sword        |       |       |       |       |   162 |   402 ||   564
Throw: Dart              |     5 |    22 |    16 |    68 |   138 |   123 ||   372
       Boomerang         |       |       |       |       |     7 |       ||     7
       Javelin           |       |       |       |       |       |     4 ||     4
       Throwing net      |       |       |       |       |       |     1 ||     1
 Cast: Magic Dart        |    65 |    31 |    17 |    24 |    12 |    21 ||   170
       Searing Ray       |     1 |    21 |    54 |    92 |    29 |    28 ||   225
       Iskenderun's Myst |       |       |     1 |    27 |    72 |    81 ||   181
       Sandblast         |       |       |       |    76 |   107 |    25 ||   208
       Poisonous Vapours |       |       |       |    14 |    94 |    66 ||   174
       Passwall          |       |       |       |     2 |       |     1 ||     3
       Lee's Rapid Decon |       |       |       |     6 |   214 |   180 ||   400
       Lightning Bolt    |       |       |       |       |     7 |    24 ||    31
       Fireball          |       |       |       |       |     9 |     6 ||    15
       Apportation       |       |       |       |       |     1 |     2 ||     3
       Stone Arrow       |       |       |       |       |       |    31 ||    31
       Statue Form       |       |       |       |       |       |    28 ||    28
       Petrify           |       |       |       |       |       |    18 ||    18
       Blink             |       |       |       |       |       |     4 ||     4
Invok: Divine Shield     |       |       |       |     1 |     1 |       ||     2
 Abil: Breathe Steam     |       |       |     1 |    18 |    68 |    30 ||   117
Evoke: Wand              |       |       |    44 |    52 |    50 |    94 ||   240
       Box of beasts     |       |       |       |     2 |     4 |     2 ||     8
       Lightning rod     |       |       |       |       |     7 |    16 ||    23
       Phantom mirror    |       |       |       |       |       |     4 ||     4
  Use: Potion            |       |     2 |     3 |     2 |     1 |    17 ||    25
       Scroll            |       |       |     7 |    11 |     3 |    18 ||    39
Armor: Skin              |    16 |     7 |    24 |   113 |   165 |   854 ||  1179
Dodge: Dodged            |    23 |    22 |    40 |   184 |   366 |   821 ||  1456
       Repelled          |       |       |       |       |    10 |     2 ||    12
Block: Buckler           |       |       |       |    56 |   110 |   327 ||   493
       Rpst.: Falchion   |       |       |       |    17 |    39 |       ||    56
       Long sword        |       |       |       |       |    27 |   140 ||   167
